 Dungeon Crawl Stone Soup version 0.25-a0-353-ged6d54792d (webtiles) character file.

Game seed: 17181219164195485195, levelgen mode: deterministic

24616 Inarius the Cleaver (level 12, -3/91 HPs)
             Began as a Mummy Gladiator on Jan 2, 2020.
             Was an Initiate of Gozag.
             Slain by a yaktaur (9 damage)
             ... in a volcano.
             The game lasted 00:27:04 (12859 turns).

Inarius the Cleaver (Mummy Gladiator)              Turns: 12859, Time: 00:27:06

Health: -3/91      AC: 17    Str: 27    XL:     12   Next: 82%
Magic:  16/16      EV:  9    Int:  7    God:    Gozag
Gold:   3154       SH:  5    Dex: 14    Spells: 11/11 levels left

rFire    + . .     SeeInvis .   b - +1 war axe (elec)
rCold    + + .     Gourm    .   r - +0 buckler
rNeg     + + +     Faith    .   E - +0 plate armour
rPois    ∞         Spirit   .   c - +0 helmet
rElec    +         Reflect  .   (no cloak)
rCorr    +         Harm     .   g - +0 pair of gloves
MR       ++...                  v - +0 pair of boots
Stlth    ..........             n - amulet of regeneration
HPRegen  0.65/turn              x - ring of protection from magic
MPRegen  0.15/turn              q - ring of protection from fire

@: mighty, resistant, gold aura, flying, hasted, very quick
A: no food or potions, fire vulnerability, cold resistance 1, negative energy
resistance 3, torment resistance, unbreathing
a: Potion Petition, Call Merchant, Bribe Branch, Renounce Religion


You were in a volcano.
You worshipped Gozag.
Gozag was most pleased with you.
You were not hungry.

You visited 2 branches of the dungeon, and saw 15 of its levels.
You also visited: Volcano.

You collected 3792 gold pieces.
You paid 638 gold pieces to Gozag.

Inventory:

Hand Weapons
 a - a +2 hand axe of flaming
 b - a +1 war axe of electrocution (weapon)
Missiles
 d - 3 throwing nets (quivered)
Armour
 c - a +0 helmet (worn)
 g - a +0 pair of gloves (worn)
 p - a +0 chain mail
 r - a +0 buckler (worn)
 s - a +4 ring mail
 v - a +0 pair of boots (worn)
 E - a +0 plate armour (worn)
Jewellery
 f - an uncursed amulet of the acrobat
 i - a +3 ring of strength
 l - a +2 ring of protection
 n - an amulet of regeneration (around neck)
 o - an uncursed ring of resist corrosion
 q - a ring of protection from fire (right hand)
 u - a +2 ring of slaying
 x - a ring of protection from magic (left hand)
 y - the ring of Lus Kequ {*Corrode rF- rN+ Str+6 Slay+3}
   (You found it on level 8 of the Dungeon)

   [ring of slaying]

   It affects your strength (+6).
   It affects your accuracy and damage with ranged weapons and melee attacks
   (+3).
   It makes you vulnerable to fire.
   It protects you from negative energy.
   It may corrode you when you take damage.
 D - an uncursed ring of protection from cold
Wands
 m - a wand of paralysis (10)
 t - a wand of disintegration (11)
Scrolls
 e - 7 scrolls of remove curse
 h - 6 scrolls of amnesia
 j - 7 scrolls of teleportation
 k - 2 scrolls of immolation
 w - 2 scrolls of summoning
 z - a scroll of magic mapping
 B - 2 scrolls of blinking
 F - a scroll of torment


   Skills:
 + Level 7.1 Fighting
 * Level 13.6 Axes
 - Level 1.5 Throwing
 + Level 7.0 Armour
 - Level 4.3 Dodging
 - Level 1.9 Stealth
 * Level 3.3 Shields
 * Level 5.7 Evocations


You had 11 spell levels left.
You didn't know any spells.
Your spell library contained the following spells:

 Spells                   Type           Power        Failure   Level  Hunger
 Summon Small Mammal      Summ           #...         99%         1    N/A
 Call Imp                 Summ           #.......     100%        2    N/A
 Call Canine Familiar     Summ           #.......     100%        3    N/A
 Summon Guardian Golem    Hex/Summ       #.......     100%        3    N/A
 Summon Ice Beast         Ice/Summ       #.......     100%        4    N/A
 Summon Lightning Spire   Summ/Air       #.......     100%        4    N/A

Dungeon Overview and Level Annotations

Branches:
Dungeon (11/15)            Temple (0/1) D:4            Lair (4/6) D:11
  Swamp (0/4) Lair:4        Snake (0/4) Lair:4      Volcano (1/1)
    Orc: D:9-12

Altars:
Ashenzari
Dithmenos
Elyvilon
Gozag
Makhleb
Nemelex Xobeh
Trog
Uskayaw
Wu Jian
Xom
Yredelemnul
Zin
The Shining One

Shops:
D:8 %

Annotations:
D:3 bmj180's ghost, amateur KoEn
Lair:3 exclusion: ice statue


Innate Abilities, Weirdness & Mutations

You do not eat or drink.
Your flesh is vulnerable to fire.
You are immune to poison.
Your flesh is cold resistant. (rC+)
You are immune to negative energy. (rN+++)
You are immune to unholy pain and torment.
You can survive without breathing.


Message History

The bolt burns you.
* * * LOW HITPOINT WARNING * * *
You see here a bolt.
Unknown command.
The yaktaur unwields a +2 arbalest of flaming.
It stops flaming.
The yaktaur completely misses you.
Unknown command.
The yaktaur unwields a +1 arbalest of flaming.
It stops flaming.
The yaktaur hits you!
* * * LOW HITPOINT WARNING * * *
Unknown command. [a] - 322 gold - haste and brilliance [b] - 552 gold - resistance, might and haste [c] - 338 gold - haste and flight Purchase which effect?
You feel protected.
You feel very mighty all of a sudden.
You feel as though your hastened speed will last longer.
The yaktaur hits you!
You die...
Your body crumbles into a pile of gold.

#≈ ≈ ###≈ #.## #
+..# ≈##
+.._..+..##≈≈§##
#.....#...#§§§≈≈
#######c..#≈≈§≈≈
+!$.[!+.@c#≈≈≈≈≈
#..≈.c#...#≈≈≈≈≈
#8≈≈§8#§§.#≈≈§≈#
+..§§§§§§## ≈≈≈#
+..§.§§§§# § ≈≈#
§# #8...8#§##≈§
##
≈≈###.....###§≈§
≈≈≈≈≈..(..°≈≈≈≈§#
#§°≈≈8.((8≈≈≈≈≈≈#


You could see 2 yaktaurs.

Vanquished Creatures
  Josephine (D:11)
  A hydra (D:10)
  3 two-headed ogres
  An unseen horror (D:11)
  An oklob plant (Lair:3)
  An ugly thing (D:11)
  Joseph (D:7)
  A black mamba (Lair:1)
  6 spiny frogs
  An ice devil (Lair:3)
  3 komodo dragons
  A yaktaur (Volcano)
  2 polar bears (Lair:3)
  6 hippogriffs
  3 wraiths
  28 yaks
  2 wyverns
  A human (D:8)
  4 basilisks
  Menkaure (D:5)
  An acid dragon (D:11)
  6 water moccasins
  4 orc warriors
  5 porcupines
  11 ice beasts
  2 black bears
  A phantom (D:4)
  A sky beast (D:11)
  An eye of draining (D:10)
  3 ogres
  11 wolves (Lair:2)
  A necrophage (D:8)
  6 centaurs
  6 crocodiles
  2 big kobolds
  10 bullfrogs
  A wyvern zombie (D:9)
  2 scorpions
  A water moccasin zombie (D:5)
  4 killer bees (D:11)
  13 wights
  3 howler monkeys
  A bullfrog zombie (D:5)
  4 crimson imps
  15 jellies
  6 orc priests
  3 centaur skeletons
  7 hounds
  A bullfrog skeleton (D:5)
  4 iguanas
  6 orc wizards
  7 worker ants
  2 hound skeletons
  Robin (D:4)
  A worker ant zombie (D:5)
  5 gnolls
  12 adders
  9 river rats (D:7)
  2 shadow imps
  16 oozes
  3 adder skeletons
  An adder zombie (D:6)
  6 worms
  4 dart slugs
  7 leopard geckos
  32 orcs
  3 bats (D:1)
  6 giant cockroaches
  16 goblins
  10 hobgoblins
  15 jackals
  28 kobolds
  12 quokkas
  6 frilled lizards
  A giant cockroach zombie (D:6)
  A goblin skeleton (D:8)
  A jackal skeleton (D:8)
  A jackal zombie (D:8)
  2 leopard gecko skeletons (D:5)
  20 rats
  3 fungi
443 creatures vanquished.

Vanquished Creatures (others)
  5 fungi (Lair:3)
5 creatures vanquished.

Grand Total: 448 creatures vanquished

Notes
Turn   | Place    | Note
-------+----------+-------------------------------------------
     0 | D:1      | Inarius the Mummy Gladiator began the quest for the Orb.
     0 | D:1      | Reached XP level 1. HP: 16/16 MP: 1/1
   204 | D:1      | Reached XP level 2. HP: 22/22 MP: 2/2
   414 | D:1      | Reached skill level 3 in Axes
   438 | D:1      | Reached XP level 3. HP: 26/27 MP: 3/3
   566 | D:1      | Found a glowing silver altar of Zin.
   899 | D:2      | Reached skill level 1 in Armour
   899 | D:2      | Reached XP level 4. HP: 13/33 MP: 4/4
  1917 | D:3      | Reached XP level 5. HP: 35/38 MP: 5/5
  2080 | D:3      | Found a runed translucent gate.
  2081 | D:3      | Found a runed translucent gate.
  2081 | D:3      | Found an opulent altar of Gozag.
  2081 | D:3      | Found a runed translucent gate.
  2084 | D:3      | Noticed bmj180's ghost (amateur KoEn)
  2096 | D:3      | Reached skill level 4 in Axes
  2222 | D:3      | Found a glowing silver altar of Zin.
  2286 | D:3      | Found a glowing golden altar of the Shining One.
  2289 | D:3      | Found a white marble altar of Elyvilon.
  2295 | D:3      | Found a shadowy altar of Dithmenos.
  2296 | D:3      | Found a basalt altar of Yredelemnul.
  2911 | D:3      | Became a worshipper of Gozag Ym Sagoz the Greedy
  3071 | D:4      | Noticed an ogre
  3119 | D:4      | Killed an ogre
  3119 | D:4      | Reached XP level 6. HP: 30/46 MP: 6/6
  3297 | D:4      | Found a staircase to the Ecumenical Temple.
  3340 | D:4      | Noticed Robin
  3362 | D:4      | Killed Robin
  3618 | D:4      | Found a shattered altar of Ashenzari.
  3715 | D:4      | Reached skill level 5 in Axes
  3871 | D:4      | Found a shimmering altar of Xom.
  3872 | D:4      | Found a hide-covered altar of Uskayaw.
  3954 | D:5      | Entered Level 5 of the Dungeon
  4095 | D:5      | Reached XP level 7. HP: 43/51 MP: 7/7
  4111 | D:5      | Noticed a yak
  4275 | D:4      | Reached skill level 6 in Axes
  4399 | D:4      | Reached XP level 8. HP: 45/58 MP: 8/8
  4482 | D:5      | Reached skill level 7 in Axes
  4482 | D:5      | Reached skill level 1 in Stealth
  4482 | D:5      | Reached skill level 1 in Evocations
  4779 | D:5      | Noticed Menkaure
  4805 | D:5      | Killed Menkaure
  5058 | D:5      | Found a burning altar of Makhleb.
  5493 | D:6      | Reached XP level 9. HP: 64/64 MP: 10/10
  5761 | D:6      | Found a bloodstained altar of Trog.
  5827 | D:7      | Reached skill level 8 in Axes
  6065 | D:7      | Found an ornate altar of the Wu Jian Council.
  6153 | D:7      | Noticed Joseph
  6200 | D:7      | Killed Joseph
  6278 | D:7      | Reached skill level 5 in Armour
  6634 | D:8      | Found a runed translucent door.
  6635 | D:8      | Found a basalt altar of Yredelemnul.
  6655 | D:8      | Reached skill level 9 in Axes
  6872 | D:8      | Got a smoking silver ring
  6873 | D:8      | Identified the ring of Lus Kequ {*Corrode rF- rN+ Str+6
                  | Slay+3} (You found it on level 8 of the Dungeon)
  7197 | D:8      | Found Kidaifol's Food Boutique.
  7220 | D:8      | Noticed a two-headed ogre
  7227 | D:8      | Killed a two-headed ogre
  7227 | D:8      | Reached XP level 10. HP: 73/73 MP: 10/12
  7486 | D:8      | Noticed a two-headed ogre
  7495 | D:8      | Killed a two-headed ogre
  7495 | D:8      | Reached skill level 10 in Axes
  7952 | D:9      | Found an opulent altar of Gozag.
  7958 | D:9      | Found Gozag's Platinum Reserve.
  8402 | D:10     | Entered Level 10 of the Dungeon
  8483 | D:10     | Reached skill level 5 in Fighting
  8579 | D:10     | Reached skill level 11 in Axes
  8713 | D:10     | Reached XP level 11. HP: 79/79 MP: 9/13
  8887 | D:10     | Noticed a two-headed ogre
  8894 | D:10     | Killed a two-headed ogre
  9074 | D:11     | Found a sparkling altar of Nemelex Xobeh.
  9077 | D:11     | Noticed an eight-headed hydra
  9177 | D:10     | Killed a one-headed hydra
  9197 | D:11     | Noticed Josephine
  9202 | D:11     | Killed Josephine
  9292 | D:11     | Noticed a red ugly thing
  9350 | D:11     | Killed a red ugly thing
  9543 | D:11     | Killed an unseen horror
  9543 | D:11     | Reached skill level 1 in Shields
  9560 | D:11     | Reached skill level 12 in Axes
  9619 | D:11     | Found a staircase to the Lair.
  9904 | Lair:1   | Entered Level 1 of the Lair of Beasts
 10414 | Lair:1   | Reached XP level 12. HP: 88/88 MP: 15/15
 10545 | Lair:1   | Reached skill level 5 in Evocations
 11572 | Lair:3   | Reached skill level 13 in Axes
 12725 | Lair:4   | Found a dark tunnel.
 12784 | Volcano  | Entered a volcano
 12800 | Volcano  | Noticed a centaur warrior
 12844 | Volcano  | Found a bloodstained altar of Trog.
 12859 | Volcano  | Slain by a yaktaur

Levels and vault maps discovered:
D:1:      scummos_arrival_star, layout_loops_corners,
          chequers_serial_rivers_small_a, nrook_mini_vaults,
          kennysheep_flooded_box
D:2:      layout_rooms
D:3:      layout_basic, zin_treasury, minitemple, first_ration,
          ebering_ghost_gozag
D:4:      layout_basic, cheibrodos_ashenzari_chains,
          gammafunk_temple_overflow_statue, minmay_temple_entry_arrows,
          minmay_cut_off, uniq_robin
D:5:      layout_basic, marbit_many_paths, minmay_divided_ellipse, uniq_menkaure
D:6:      layout_basic, kennysheep_mini
D:7:      lemuel_ratsnest, layout_basic, lemuel_doored_altar, uniq_joseph
D:8:      layout_loops_corners, serial_shops, kennysheep_mini_moat,
          hangedman_little_slice_of_home, st_stairs_3, dk_yredelemnul_ordeal
D:9:      layout_stronghold, nicolae_gozag_zags_fifth_avenue,
          corexii_leaking_fountain, kennysheep_generic_room_3
D:10:     layout_roguey
D:11:     layout_gridville, lair_entry_dummy, nemelex_xobeh_ov_fountains_minmay,
          uniq_josephine
Lair:1:   layout_long_grid
Lair:2:   layout_cave_shapes, serial_bayou_shore_b
Lair:3:   lemuel_slime, layout_regular_city, bh_chokoban, ice2_lemuel,
          infiniplex_staircase_pool
Lair:4:   layout_roguey, minmay_swamp_entry_worms,
          minmay_snake_entry_spellcaster, lightli_volcano_entry_magma_tube,
          special_room [special_room_mythical_zoo]
Volcano:  kennysheep_volcano_temple

Skill      XL: |  1  2  3  4  5  6  7  8  9 10 11 12 |
---------------+-------------------------------------+-----
Axes           | 3 4 5 6 7 9 11 12 13 | 13.6
Armour         | 1 2 3 4 5 6 7 |  7.0
Dodging        | 3 4 |  4.3
Fighting       | 3 4 5 6 7 |  7.1
Stealth        | 1 |  1.9
Evocations     | 1 2 3 4 5 |  5.7
Shields        | 2 3 |  3.3
Throwing       | |  1.5

Action                   |  1- 3 |  4- 6 |  7- 9 | 10-12 || total
-------------------------+-------+-------+-------+-------++-------
Melee: War axe           |    79 |   242 |   331 |   658 ||  1310
       Hand axe          |       |       |   120 |     9 ||   129
Throw: Throwing net      |       |     1 |     3 |     2 ||     6
Invok: Potion Petition   |       |       |       |     2 ||     2
Evoke: Wand              |       |       |     5 |    23 ||    28
  Use: Scroll            |       |     3 |     6 |    10 ||    19
 Stab: Paralysed         |       |       |    10 |     4 ||    14
       Distracted        |       |       |     1 |    12 ||    13
       Held in net/web   |       |       |     1 |     1 ||     2
       Sleeping          |       |       |       |     2 ||     2
Armor: Leather armour    |    23 |     2 |       |       ||    25
       Ring mail         |       |    65 |    90 |    78 ||   233
       Chain mail        |       |    23 |   128 |       ||   151
       Plate armour      |       |       |       |   251 ||   251
Dodge: Dodged            |    80 |   159 |   218 |   253 ||   710
Block: Buckler           |       |       |       |    96 ||    96

Table legend:
 A = Non-vault XP
 B = Vault XP
 C = Vault XP percentage of total XP
 D = Non-vault monster count
 E = Vault monster count
 F = Vault count percentage of total count
                 A         B        C        D         E       F
            +---------+---------+-------+---------+---------+-------
      Total |   28027 |    7140 |  20.3 |     341 |      99 |  22.5
            +---------+---------+-------+---------+---------+-------
        D:1 |      65 |       0 |   0.0 |      23 |       0 |   0.0
        D:2 |      82 |       0 |   0.0 |      24 |       0 |   0.0
        D:3 |      77 |      36 |  31.9 |      28 |       2 |   6.7
        D:4 |     624 |     162 |  20.6 |      30 |      10 |  25.0
        D:5 |     835 |     675 |  44.7 |      24 |      11 |  31.4
        D:6 |     269 |       0 |   0.0 |       9 |       0 |   0.0
        D:7 |     573 |     598 |  51.1 |      20 |      28 |  58.3
        D:8 |    3100 |     487 |  13.6 |      35 |      13 |  27.1
        D:9 |    1392 |      85 |   5.8 |      13 |       1 |   7.1
       D:10 |    4378 |     416 |   8.7 |      44 |       2 |   4.3
       D:11 |    3806 |    1248 |  24.7 |      26 |       2 |   7.1
     Lair:1 |    4055 |       0 |   0.0 |      18 |       0 |   0.0
     Lair:2 |    3940 |       0 |   0.0 |      24 |       0 |   0.0
     Lair:3 |    3068 |    3090 |  50.2 |      15 |      29 |  65.9
     Lair:4 |    1763 |       0 |   0.0 |       8 |       0 |   0.0
    Volcano |       0 |     343 | 100.0 |       0 |       1 | 100.0
            +---------+---------+-------+---------+---------+-------
